AoeStats
← El Fantasma de Pancho Villa

Pilgrims

507646209Analyzed
4v4 RM · 14d ago on Sep 19, 2026· 40m 23s· 8 players
Game mode
Random Map
Map size
Large (8 player)
Population
200
Speed
Normal
Resources
Standard
Victory
Conquest
Starting age
Dark Age
Ending age
Imperial Age
RankedLock teamsTeams togetherTeam positionsShared explorationLock speedFull tech treeHidden civsTurbo modeCheats
Victory
Defeat
🇦🇷 Dravidians · Argentina
1237
+12
🇭🇰 Saracens · Hong Kong SAR China
1083
+18
1077
+18
🇦🇷 Bohemians · Argentina
1012
+21
🇺🇸 Goths · United States
1172
-19
🇺🇸 Dravidians · United States
1120
-17
🇺🇸 Cumans · United States
1119
-17
1099
-16
El Fantasma de Pancho Villa
9:16 Loom
13:29 Feudal Age
15:29 Man-at-Arms
17:10 Scale Mail Armor
21:37 Forging
27:30 Horse Collar
30:11 Wheelbarrow
33:02 Castle Age
32:18 Gold Mining
37:18 Imperial Age
35:32 Bloodlines
36:18 Heavy Plow
37:56 Fervor
38:37 Iron Casting
38:07 Scale Barding Armor
moonmichael
13:46 Feudal Age
14:40 Fishing Lines
14:32 Man-at-Arms
14:59 Arson
18:41 Castle Age
17:34 Forging
17:24 Scale Mail Armor
19:07 Loom
19:01 Long Swordsman
21:48 Iron Casting
21:28 Chain Mail Armor
21:16 Squires
26:05 Horse Collar
31:43 Wheelbarrow
31:15 Double-Bit Axe
32:20 Gillnets
33:45 Bow Saw
37:15 Imperial Age
34:40 Fletching
34:50 Padded Archer Armor
35:45 Thumb Ring
35:38 Bodkin Arrow
36:10 Hand Cart
36:59 Heavy Plow
37:40 Elite Elephant Archer
38:22 Bracer
38:38 Leather Archer Armor
38:46 Ballistics
Chef
8:02 Loom
12:32 Feudal Age
14:34 Double-Bit Axe
17:17 Castle Age
15:26 Fletching
17:13 Wheelbarrow
18:08 Bow Saw
20:21 Horse Collar
22:36 Heavy Plow
32:43 Imperial Age
31:25 Anarchy
31:51 Hand Cart
31:48 Squires
31:50 Gold Mining
32:37 Scale Mail Armor
32:48 Forging
33:34 Chain Mail Armor
34:18 Crop Rotation
34:04 Elite Huskarl
36:02 Iron Casting
36:00 Pikeman
37:11 Halberdier
39:02 Perfusion
[TBArg] Caballero de la Muerte
11:43 Loom
13:28 Feudal Age
21:43 Castle Age
20:39 Gold Mining
21:04 Stone Mining
21:32 Forging
23:58 Husbandry
26:36 Wheelbarrow
28:24 Fletching
28:28 Horse Collar
30:59 Bodkin Arrow
34:21 Imperial Age
31:23 Elite Skirmisher
ParK
6:20 Loom
13:11 Feudal Age
15:06 Wheelbarrow
20:13 Scale Barding Armor
27:38 Wheelbarrow
30:32 Castle Age
29:20 Double-Bit Axe
35:53 Bow Saw
38:26 Town Watch
我的要强在作怪
7:38 Loom
12:20 Feudal Age
13:19 Fishing Lines
13:44 Double-Bit Axe
13:51 Gold Mining
18:43 Castle Age
17:11 Fletching
17:21 Padded Archer Armor
19:41 Bodkin Arrow
20:01 Leather Archer Armor
20:18 Crossbowman
21:24 Medium Warships
21:35 Thumb Ring
25:03 Imperial Age
23:17 Wheelbarrow
22:28 Town Watch
23:18 Ballistics
23:16 Gillnets
27:05 Chemistry
25:28 Arbalester
26:03 Stone Mining
27:20 Bracer
27:50 Ring Archer Armor
27:03 Treadmill Crane
32:40 Conscription
39:11 Bow Saw
39:37 Stone Shaft Mining
ACouchPotato
7:50 Loom
7:58 Loom
11:07 Feudal Age
11:58 Fishing Lines
12:18 Double-Bit Axe
14:53 Fletching
18:03 Castle Age
16:27 Town Watch
18:20 Horse Collar
19:13 Medium Warships
20:14 Bodkin Arrow
22:17 Gillnets
24:18 Stone Mining
29:55 Wheelbarrow
30:13 Bow Saw
34:20 Imperial Age
32:06 Hand Cart
32:31 Gold Mining
34:37 Ballistics
34:24 Elite Elephant Archer
35:11 Husbandry
36:35 Thumb Ring
37:08 Conscription
36:51 Scale Mail Armor
37:57 Wootz Steel
38:05 Scale Barding Armor
38:11 Forging
39:57 Two-Man Saw
38:36 Light Cavalry
abbnn
3:51 Loom
13:58 Feudal Age
15:20 Wheelbarrow
14:32 Double-Bit Axe
15:18 Stone Mining
15:52 Gold Mining
18:53 Castle Age
17:14 Scale Barding Armor
18:28 Fishing Lines
19:58 Chain Barding Armor
20:18 Hand Cart
20:15 Bow Saw
20:42 Forging
21:54 Gold Shaft Mining
23:19 Iron Casting
30:33 Imperial Age
27:50 Town Watch
29:04 Bimaristan
32:02 Conscription
32:09 Elite Mameluke
33:48 Plate Barding Armor
37:16 Ballistics
37:59 Chemistry
Connection lost

Rejoining the realm…

Still unreachable

The connection could not be restored.

Session expired

The server has moved on; the page needs a fresh start.